 Dungeon Crawl Stone Soup version 0.21.1-1-g345015f (webtiles) character file.

10971 Krilegs the Severer (level 11, -4/101 HPs)
             Began as a Hill Orc Fighter on May 7, 2018.
             Was a Priest of Beogh.
             Killed from afar by a hell hound (9 damage)
             ... with a blast of flame
             ... led by Azrael
             ... on level 12 of the Dungeon.
             The game lasted 00:29:47 (9548 turns).

Krilegs the Severer (Hill Orc Fighter)              Turns: 9548, Time: 00:29:49

Health: -4/101     AC: 16    Str: 23    XL:     11   Next: 70%
Magic:  0/12       EV: 11    Int:  8    God:    Beogh [***...]
Gold:   519        SH:  0    Dex: 10    Spells: 10/10 levels left

rFire    . . .     SeeInvis .   t - +4 battleaxe
rCold    + + .     Gourm    .   (shield currently unavailable)
rNeg     . . .     Faith    .   b - +0 scale mail
rPois    .         Spirit   +   (helmet restricted)
rElec    .         Reflect  .   (no cloak)
rCorr    .         Harm     .   w - +4 pair of gloves "Dualeim" {rF+}
MR       .....                  (no boots)
Stlth    ..........             B - amulet of guardian spirit
HPRegen  0.26/turn              i - ring of protection from cold
MPRegen  0.13/turn              A - ring of ice

@: no status effects
A: beak, horns 1, iridescent scales 1, subdued magic 1
a: Smiting, Renounce Religion


You were on level 12 of the Dungeon.
You worshipped Beogh.
Beogh was most pleased with you.
You were not hungry.

You visited 1 branch of the dungeon, and saw 12 of its levels.

You collected 749 gold pieces.
You spent 230 gold pieces at shops.

Inventory:

Hand Weapons
 t - a +4 battleaxe (weapon)
Armour
 b - a +0 scale mail (worn)
 w - the +4 pair of gloves "Dualeim" (worn) {rF+}
   (You found it on level 6 of the Dungeon)

   It protects you from fire.
 H - a +0 troll leather armour
Jewellery
 i - a ring of protection from cold (left hand)
 A - a ring of ice (right hand)
 B - an amulet of guardian spirit (around neck)
 C - an uncursed ring of protection from cold
 G - an uncursed ring of protection from fire {unknown}
Wands
 g - a wand of random effects (15)
 k - a wand of flame (38)
 q - a wand of digging (14)
 y - a wand of clouds (4)
 I - a wand of iceblast (2)
Scrolls
 a - a scroll of enchant armour {unknown}
 e - 3 scrolls of immolation
 m - 10 scrolls of identify
 n - 2 scrolls of amnesia
 o - 2 scrolls of fog
 p - 4 scrolls of teleportation
 s - 3 scrolls of fear
 v - 4 scrolls of remove curse
Potions
 l - a potion of brilliance
 r - a potion of agility
 z - a potion of cancellation {unknown}
Books
 d - a book of Frost

   Spells                             Type                      Level
   a - Freeze                         Ice                          1
   b - Throw Frost                    Conjuration/Ice              2
   c - Ozocubu's Armour               Charms/Ice                   3
   d - Throw Icicle                   Conjuration/Ice              4
   e - Summon Ice Beast               Ice/Summoning                4
 u - a book of Changes

   Spells                             Type                      Level
   a - Beastly Appendage              Transmutation                1
   b - Sticks to Snakes               Transmutation                2
   c - Spider Form                    Transmutation/Poison         3
   d - Ice Form                       Ice/Transmutation            4
   e - Blade Hands                    Transmutation                5
Comestibles
 f - 10 rations


   Skills:
 + Level 10.7 Fighting
 + Level 15.3 Axes
 + Level 10.0 Armour
 - Level 3.7 Dodging
 - Level 2.3 Stealth
   Level 3.2 Shields
 - Level 1.9 Evocations


You had 10 spell levels left.
You didn't know any spells.

Dungeon Overview and Level Annotations

Branches:
Dungeon (12/15)            Temple (0/1) D:7            Lair (0/6) D:8
    Orc (0/2) D:9

Altars:
Cheibriados
Dithmenos
Gozag
Kikubaaqudgha
Makhleb
Okawaru
Ru
Sif Muna
Trog
Uskayaw
Vehumet
Wu Jian
Zin

Shops:
D:7 *(


Innate Abilities, Weirdness & Mutations

You have a beak for a mouth.
You have a pair of small horns on your head.
You are partially covered in iridescent scales. (AC +2)
Your spells are a little easier to cast, but a little less powerful.


Message History

Beogh accepts your kill.
Your Armour skill increases to level 10!
You hit the hell hound. You miss the hell hound. You hit the hell hound.
The hell hound breathes flames at you. The blast of flame misses you.
The hell hound bites you but does no damage.
The hell hound bites you!
* * * LOW HITPOINT WARNING * * *
The hell hound barely misses you. The hell hound breathes flames at you.
The blast of flame hits you!
* * * LOW HITPOINT WARNING * * *
You feel better. The hell hound completely misses you.
The hell hound bites you.
* * * LOW HITPOINT WARNING * * *
The hell hound bites you.
* * * LOW HITPOINT WARNING * * *
The hell hound breathes flames at you. The blast of flame hits you!
You die...

#......# #......# ## #......# #.
###################......#######.
................@h...............
...............hh)...............
.................................
.................................
.................................
...............#########.........
...............#.......#.....###.
.[.(.(.(.).....#.......#.....#.##
.######........#.......#.....#...


You could see 3 hell hounds.

Vanquished Creatures
  Azrael (D:12)
  Snorg (D:12)
  A hydra (D:11)
  A two-headed ogre (D:9)
  A centaur skeleton (D:11)
  A gargoyle (D:12)
  2 trolls
  2 hippogriffs
  Grinder (D:3)
  14 yaks
  A wyvern (D:12)
  2 hogs (D:12)
  Grum (D:9)
  A soldier ant (D:12)
  A water moccasin (D:9)
  A hell hound (D:12)
  A black bear (D:7)
  2 orc warriors
  3 sky beasts (D:6)
  A phantom (D:7)
  3 ogres
  2 wolves (D:9)
  4 centaurs
  A big kobold (D:12)
  3 bullfrogs
  A scorpion (D:5)
  4 killer bees (D:11)
  A wight (D:12)
  A howler monkey (D:4)
  A crimson imp (D:8)
  A centaur zombie (D:6)
  A bullfrog zombie (D:7)
  3 hounds
  A quasit (D:11)
  9 orc wizards
  Ijyb (D:4)
  3 iguanas
  A worker ant (D:4)
  A hound zombie (D:5)
  9 adders
  6 gnolls
  A howler monkey skeleton (D:5)
  3 river rats (D:5)
  A shadow imp (D:9)
  A worm (D:2)
  3 dart slugs
  4 leopard geckos
  21 orcs
  A ball python (D:4)
  7 bats
  8 giant cockroaches
  8 goblins
  4 hobgoblins
  8 jackals
  3 quokkas
  A jackal skeleton (D:4)
  11 kobolds
  2 leopard gecko skeletons
  4 rats
  3 rat zombies (D:4)
190 creatures vanquished.

Vanquished Creatures (collateral kills)
  A hungry ghost (D:11)
1 creature vanquished.

Vanquished Creatures (others)
  Kirke (D:12)
  A komodo dragon (D:12)
  An orc warrior (D:11)
  5 humans (D:12)
  2 orc wizards (D:11)
  An orc priest (D:3)
  A worm (D:3)
  4 orcs
  A kobold (D:3)
  A quokka (D:12)
  A goblin (D:3)
19 creatures vanquished.

Grand Total: 210 creatures vanquished

Notes
Turn   | Place    | Note
-------+----------+-------------------------------------------
     0 | D:1      | Krilegs the Hill Orc Fighter began the quest for the Orb.
     0 | D:1      | Reached XP level 1. HP: 19/19 MP: 1/1
   136 | D:1      | Reached XP level 2. HP: 26/27 MP: 2/2
   207 | D:1      | Reached skill level 3 in Axes
   506 | D:1      | Reached XP level 3. HP: 33/33 MP: 3/3
   664 | D:2      | Found a radiant altar of Vehumet.
   699 | D:2      | Reached XP level 4. HP: 39/41 MP: 4/4
   917 | D:2      | Reached skill level 4 in Axes
  1488 | D:3      | Became a worshipper of Beogh the Brigand
  1604 | D:3      | Noticed Grinder
  1625 | D:3      | Gained mutation: You are partially covered in iridescent scales. (AC +2) [potion of mutation]
  1625 | D:3      | Gained mutation: Your spells are a little easier to cast, but a little less powerful. [potion of mutation]
  1625 | D:3      | Gained mutation: You have a pair of small horns on your head. [potion of mutation]
  1625 | D:3      | Gained mutation: You have a beak for a mouth. [potion of mutation]
  1648 | D:3      | Paralysed by Grinder for 2 turns
  1658 | D:3      | Killed Grinder
  1658 | D:3      | Reached skill level 5 in Fighting
  1658 | D:3      | Reached skill level 5 in Axes
  1658 | D:3      | Reached skill level 1 in Dodging
  1658 | D:3      | Reached XP level 5. HP: 48/48 MP: 5/5
  1658 | D:3      | Reached XP level 6. HP: 56/56 MP: 6/6
  1716 | D:3      | Reached skill level 6 in Axes
  2341 | D:4      | Found a shadowy altar of Dithmenos.
  2449 | D:4      | Reached skill level 5 in Armour
  2449 | D:4      | Reached XP level 7. HP: 61/61 MP: 7/7
  2455 | D:4      | Reached skill level 7 in Axes
  2508 | D:4      | Found an ancient bone altar of Kikubaaqudgha.
  2853 | D:4      | Noticed Ijyb
  2857 | D:4      | Killed Ijyb
  3016 | D:5      | Entered Level 5 of the Dungeon
  3016 | D:5      | Found a glowing drain.
  3029 | D:5      | Reached * piety under Beogh
  3188 | D:5      | Reached skill level 8 in Axes
  3374 | D:5      | Reached XP level 8. HP: 45/69 MP: 8/8
  3599 | D:5      | Found an opulent altar of Gozag.
  4162 | D:6      | Reached skill level 9 in Axes
  4181 | D:6      | Found a sacrificial altar of Ru.
  4615 | D:6      | Got a pair of faintly humming gloves
  4616 | D:6      | Identified the +4 pair of gloves "Dualeim" {rF+} (You found it on level 6 of the Dungeon)
  4803 | D:7      | Found Forchol's Antique Weapon Shop.
  4846 | D:7      | Reached skill level 10 in Axes
  4866 | D:7      | Found a staircase to the Ecumenical Temple.
  4879 | D:7      | Noticed a hippogriff
  4899 | D:7      | Killed a hippogriff
  4899 | D:7      | Reached skill level 1 in Stealth
  4899 | D:7      | Reached XP level 9. HP: 57/78 MP: 9/9
  4915 | D:7      | Reached ** piety under Beogh
  5090 | D:7      | Found a burning altar of Makhleb.
  5098 | D:7      | Found a glowing silver altar of Zin.
  5098 | D:7      | Noticed an angel
  5098 | D:7      | Noticed a green death
  5196 | D:7      | Found Zeecelir's Assorted Antiques.
  5222 | D:7      | Bought a golden ring for 115 gold pieces
  5222 | D:7      | Bought a lumpy ruby amulet for 115 gold pieces
  5414 | D:8      | Found a bloodstained altar of Trog.
  5420 | D:8      | Found a deep blue altar of Sif Muna.
  5420 | D:8      | Found an ornate altar of the Wu Jian Council.
  5643 | D:8      | Reached skill level 11 in Axes
  5718 | D:8      | Found a staircase to the Lair.
  5737 | D:8      | Found a snail-covered altar of Cheibriados.
  6011 | D:9      | Found a staircase to the Orcish Mines.
  6014 | D:9      | Noticed Grum
  6031 | D:9      | Killed Grum
  6223 | D:9      | Found an iron altar of Okawaru.
  6250 | D:9      | Found a hide-covered altar of Uskayaw.
  6289 | D:9      | Noticed a two-headed ogre
  6299 | D:9      | Killed a two-headed ogre
  6299 | D:9      | Reached skill level 12 in Axes
  6299 | D:9      | Reached XP level 10. HP: 31/88 MP: 4/10
  6723 | D:10     | Entered Level 10 of the Dungeon
  7098 | D:10     | You fall through a shaft!
  7452 | D:11     | Reached skill level 1 in Evocations
  7569 | D:11     | Reached skill level 13 in Axes
  7618 | D:11     | Reached *** piety under Beogh
  7721 | D:11     | Identified a scroll of acquirement
  8024 | D:11     | Noticed an eight-headed hydra
  8036 | D:11     | Killed an eight-headed hydra
  8036 | D:11     | Reached XP level 11. HP: 78/97 MP: 8/12
  8277 | D:12     | Reached skill level 14 in Axes
  8308 | D:12     | Noticed Kirke
  8333 | D:12     | Noticed a manticore
  8342 | D:12     | Killed Kirke
  8342 | D:12     | Reached skill level 10 in Fighting
  8517 | D:12     | Noticed Snorg
  8530 | D:12     | Killed Snorg
  9536 | D:12     | Noticed Azrael
  9546 | D:12     | Reached skill level 15 in Axes
  9547 | D:12     | Killed Azrael
  9547 | D:12     | Reached skill level 10 in Armour
  9547 | D:12     | HP: 4/101 [hell hound/blast of flame[Azrael] (15)]
  9548 | D:12     | Killed from afar by a hell hound

Skill      XL: |  1  2  3  4  5  6  7  8  9 10 11 |
---------------+----------------------------------+-----
Fighting       | 4 5 6 7 9 10 | 10.7
Axes           | 3 5 6 8 10 12 13 15 | 15.3
Armour         | 4 5 6 8 9 10 | 10.0
Dodging        | 1 2 3 |  3.7
Stealth        | 1 2 |  2.3
Evocations     | 1 |  1.9
Shields        | |  3.2

Action                   |  1- 3 |  4- 6 |  7- 9 | 10-12 || total
-------------------------+-------+-------+-------+-------++-------
Melee: War axe           |    61 |   112 |   269 |   170 ||   612
       Headbutt          |       |     4 |    47 |    43 ||    94
       Peck              |       |     3 |    40 |    54 ||    97
       Broad axe         |       |       |       |    40 ||    40
       Battleaxe         |       |       |       |     8 ||     8
Invok: Convert to Beogh  |       |     1 |       |       ||     1
Evoke: Wand              |       |       |     5 |    19 ||    24
  Use: Potion            |       |     9 |     1 |    15 ||    25
       Scroll            |       |     6 |     2 |     5 ||    13
 Stab: Paralysed         |       |       |     1 |       ||     1
  Eat: Chunk             |       |     4 |       |     2 ||     6
       Ration            |       |     1 |     3 |     3 ||     7
Armor: Scale mail        |    33 |    48 |   163 |    93 ||   337
       Skin              |       |    11 |       |       ||    11
Dodge: Dodged            |    27 |    37 |    92 |    83 ||   239
Block: Shield            |    43 |    58 |   134 |   116 ||   351
